Cogmind - Beta 13 @@@ ROGUE MODE // 2024.04.02 @ 18:21:43 Player: Cheese Result: Destroyed by Y-54 Guardian with Gatling Laser Performance ------------- Evolutions (4) 2000 Regions Visited (8) 1600 Robots Destroyed (72) 360 Value Destroyed (2721) 2721 Prototype IDs (2) 40 Alien Tech Used (0) 0 Bonus (0) 0 TOTAL SCORE: 6721 Bonus ------- None Cogmind --------- Core Integrity 0/850 Matter 290/300 Energy 79/100 System Corruption 0% Temperature Cool (15) Movement Core (100) Ox1 Location -6/Extension Parts ------- > --- POWER (3) -------- (None) > --- PROPULSION (3) --- (None) > --- UTILITY (6) ------ Signal Interpreter > --- WEAPON (3) ------- Gatling Laser > --- INVENTORY (5) ---- Carbon-fiber Leg Carbon-fiber Leg Carbon-fiber Leg High-capacity Storage Unit Peak State ------------ > --- POWER ------------ Light Nuclear Core Micro Nuclear Core > --- PROPULSION ------- Medium Treads Medium Treads Medium Treads > --- UTILITY ---------- Large Storage Unit Improved Sensor Array Improved Signal Interpreter Improved Propulsion Shielding Light Armor Plating > --- WEAPON ----------- Light Assault Rifle Autogun High-powered Shotgun > --- INVENTORY -------- Light Ion Engine Improved Ion Engine Light Nuclear Core Improved Deuterium Engine Improved Deuterium Engine Medium Treads Medium Treads High-capacity Storage Unit Medium Matter Pod Improved Sensor Array Signal Interpreter Light Armor Plating Heavy Ion Cannon Heavy Ion Cannon Missile Launcher [Rating: 40] Favorites ----------- Power Light Nuclear Core Engine Ion Engine Power Core Light Nuclear Core Propulsion Medium Treads Treads Medium Treads Leg Aluminum Leg Wheel Compact Wheel Utility Large Storage Unit Device Sensor Array Storage Large Storage Unit Processor Signal Interpreter Protection Light Armor Plating Weapon Light Assault Rifle Energy Gun EM Pulse Gun Energy Cannon Heavy Ion Cannon Ballistic Gun Light Assault Rifle Ballistic Cannon Heavy Flak Cannon Launcher Missile Launcher Special Weapon Molecular Deconstructor Build | -11 -10 -9 -8 -7 -7 -7 -6 -6 ------- Run | Yrd Mat Mat Mat Fac Low Low Fac Ext Slots Evolved 8 | . . 2 2 2 . . 2 . Power 2 | . . . . 1 . . 1 . Propulsion 1 | . . 1 . . . . . . Utility 4 | . . 1 1 1 . . 1 . Weapon 1 | . . . 1 . . . . . Parts Attached 91 | 6 2 15 25 12 14 5 4 8 Power 16 | 1 . 2 4 3 5 . 1 . Engine 11 | 1 . 2 3 . 4 . 1 . Core 5 | . . . 1 3 1 . . . Reactor . | . . . . . . . . . Propulsion 28 | 2 . 6 5 4 4 1 2 4 Treads 7 | 2 . . . 3 2 . . . Leg 17 | . . 5 5 1 . . 2 4 Wheel 4 | . . 1 . . 2 1 . . Hover . | . . . . . . . . . Flight . | . . . . . . . . . Utility 19 | 1 2 2 6 2 1 4 . 1 Device 8 | . 1 . 3 . 1 2 . 1 Storage 4 | 1 1 1 . . . 1 . . Processor 3 | . . 1 1 . . 1 . . Hackware . | . . . . . . . . . Protection 4 | . . . 2 2 . . . . Artifact . | . . . . . . . . . Weapon 28 | 2 . 5 10 3 4 . 1 3 Energy Gun 6 | 2 . 1 . . . . . 3 Energy Cannon 2 | . . . . . 2 . . . Ballistic Gun 14 | . . 3 8 3 . . . . Ballistic Cannon 1 | . . . . . . . 1 . Launcher 4 | . . 1 2 . 1 . . . Special Weapon 1 | . . . . . 1 . . . Impact Weapon . | . . . . . . . . . Slashing Weapon . | . . . . . . . . . Piercing Weapon . | . . . . . . . . . Special Melee Weapon . | . . . . . . . . . Unidentified Prototypes 2 | . . 1 . . 1 . . . Parts Lost 51 | . 1 4 14 2 18 . 9 3 Power 10 | . . 1 2 . 6 . 1 . Propulsion 15 | . . 2 3 . 5 . 4 1 Utility 11 | . . . 3 2 2 . 3 1 Weapon 15 | . 1 1 6 . 5 . 1 1 Highest Loss Streak 9 | . 1 3 9 2 9 . 5 3 To Critical Strikes 1 | . . 1 . . . . . . Average Slot Usage (%) 75 | . 92 92 94 97 52 57 26 20 Engine 4 | . 14 10 3 1 . . 2 . Core 4 | . . . 5 13 7 . . . Treads 10 | . 28 8 . 20 12 . . . Leg 8 | . . 14 25 1 . . 7 7 Wheel 1 | . . 6 . . . 21 2 . Device 8 | . 12 11 8 7 6 14 2 1 Storage 7 | . 14 11 9 7 4 7 1 . Processor 6 | . . 11 9 7 4 6 6 6 Protection 3 | . . . 8 13 . . . . Energy Gun 5 | . 22 10 . . . . . 4 Ballistic Gun 12 | . . 9 23 23 11 . . . Naked Turns 126 | . . . . . 126 . . . Heaviest Build 51 | 14 50 51 40 44 43 14 17 9 Greatest Support 84 | 40 40 30 40 84 84 20 34 45 Greatest Overweight (x) 13 | 4 1 4 1 12 13 . 4 2 Average Overweight (x) . | 1 . 1 . . . . . . Largest Inventory Capacity 20 | 8 20 20 15 15 15 5 5 5 Average Capacity 13 | 7 18 19 15 15 11 5 5 5 Most Carried 15 | 2 7 15 15 15 15 3 4 5 Average Carried 9 | 1 5 8 13 14 9 1 1 2 Final Capacity 20 | 8 20 15 15 15 5 5 5 5 Final Carried 15 | 2 7 15 15 15 4 1 4 4 Class Distribution -------------------- 47% | Mutant 28% | Scavenger-Skirmisher 13% | Skirmisher 11% | Scavenger-Mutant Dominant Class ---------------- Mutant | -10/Materials Scavenger-Mutant | -9/Materials Scavenger-Skirmisher | -8/Materials Scavenger-Skirmisher | -7/Factory Mutant | -7/Lower Caves Mutant | -7/Lower Caves Mutant | -6/Factory Mutant | -6/Extension Resources | -11 -10 -9 -8 -7 -7 -7 -6 -6 ----------- Run | Yrd Mat Mat Mat Fac Low Low Fac Ext Matter Collected 2067 | 114 261 179 484 320 403 16 203 87 Remotely . | . . . . . . . . . Salvage Created 2646 | . 375 607 740 367 239 . 178 140 Parts 147 | . 12 41 58 18 10 . 1 7 Haulers Intercepted . | . . . . . . . . . Recyclers Shooed 1 | . . . . . . . 1 . Parts Field Recycled . | . . . . . . . . . Retrieved Matter . | . . . . . . . . . Parts Self-Destructed 13 | . . . . . 13 . . . Prevented . | . . . . . . . . . Kills | -11 -10 -9 -8 -7 -7 -7 -6 -6 ------- Run | Yrd Mat Mat Mat Fac Low Low Fac Ext Combat Hostiles Destroyed 65 | . 6 16 21 9 5 . 5 3 Guns 51 | . 4 16 18 9 1 . . 3 Cannons 5 | . . . . . . . 5 . AOE 6 | . 2 . 3 . 1 . . . Classes Destroyed 13 | . 4 2 4 2 . . . 1 Tunneler 1 | . 1 . . . . . . . Recycler 1 | . 1 . . . . . . . Mechanic 1 | . . . 1 . . . . . Watcher 4 | . 1 1 1 1 . . . . Swarmer 15 | . . 4 8 3 . . . . Grunt 29 | . 6 10 7 2 . . 2 2 Brawler 1 | . . . . 1 . . . . Duelist 1 | . . . . . . . . 1 Sentry 9 | . . 2 2 1 1 . 3 . Specialist 4 | . . . 2 . 2 . . . Hunter 3 | . . . 1 1 1 . . . Programmer 2 | . . . . 1 1 . . . Heavy 1 | . . . 1 . . . . . Best Kill Streak 6 | . 2 6 4 3 1 . 4 2 Combat Bots Only 6 | . 2 6 4 3 1 . 4 2 Max Kills in Single Turn 2 | . 1 2 2 1 1 . 1 1 Gunslinging 1 | . . 1 . . . . . . Exploded 1 | . 1 . 1 . 1 . . . Melee . | . . . . . . . . . Uniques/NPCs Destroyed . | . . . . . . . . . Combat | -11 -10 -9 -8 -7 -7 -7 -6 -6 -------- Run | Yrd Mat Mat Mat Fac Low Low Fac Ext Hostile Shots Fired 859 | . 21 76 144 77 308 . 168 65 Missed 278 | . 6 20 41 29 101 . 60 21 Damage Taken 7748 | . 237 590 1752 542 2468 . 1348 811 Core 1915 | . 10 105 321 82 538 . 556 303 Absorbed by Shields . | . . . . . . . . . Redirected to Shielding 102 | . . . 53 49 . . . . Core Remaining (%) 64 | 100 96 73 41 . . 11 . . Volleys Fired 260 | . 25 49 83 28 35 . 28 12 Largest 3 | . 2 2 3 3 3 . 1 2 Hottest 160 | . 80 96 71 68 153 . 53 160 Shots Fired 483 | . 38 73 178 84 68 . 28 14 Gun 433 | . 38 73 173 84 51 . . 14 Cannon 38 | . . . . . 11 . 27 . Launcher 8 | . . . 5 . 3 . . . Special 4 | . . . . . 3 . 1 . Kinetic 361 | . . 26 173 84 51 . 27 . Thermal 61 | . . 36 . . 11 . . 14 Explosive 8 | . . . 5 . 3 . . . Electromagnetic 49 | . 38 11 . . . . . . Robot Hit Streak 12 | . 7 6 12 11 11 . 12 7 Robot Miss Streak 7 | . 4 4 5 3 4 . 7 3 Penetration Max . | . . . . . . . . . Secondary Targets 2 | . . 1 1 . . . . . Max Gunslinging Chain 1 | . . 1 1 . . . . . Shots Hit Robots 326 | . 26 43 118 64 35 . 26 14 Core Hits 174 | . 12 23 53 31 8 . 33 14 Critical Kills 2 | . . . 1 1 . . . . Critical Parts Destroyed . | . . . . . . . . . Critical Strikes 3 | . 1 . 1 1 . . . . Destroy 2 | . . . 1 1 . . . . Corrupt 1 | . 1 . . . . . . . Melee Attacks . | . . . . . . . . . Impact . | . . . . . . . . . Slashing . | . . . . . . . . . Piercing . | . . . . . . . . . Sneak Attacks . | . . . . . . . . . Combat Hostiles . | . . . . . . . . . Follow-up Attacks . | . . . . . . . . . Damage Inflicted 5151 | . 516 615 1573 830 643 . 647 327 Guns 3954 | . 389 615 1394 830 399 . . 327 Cannons 746 | . . . . . 109 . 637 . Explosions 441 | . 127 . 179 . 135 . . . Melee . | . . . . . . . . . Ramming 10 | . . . . . . . 10 . Kinetic 3384 | . . 124 1394 830 399 . 637 . Thermal 972 | . 127 409 . . 109 . . 327 Explosive 314 | . . . 179 . 135 . . . Electromagnetic 471 | . 389 82 . . . . . . Impact . | . . . . . . . . . Slashing . | . . . . . . . . . Piercing . | . . . . . . . . . Highest Corruption 5 | . . . . 1 5 5 . . Average Corruption 2 | . . . . 1 2 5 . . Corruption Purged . | . . . . . . . . . Corruption Blocked . | . . . . . . . . . Effects 17 | . . . . 1 13 3 . . Message Errors 3 | . . . . . 3 . . . Matter Fused 6 | . . . . . 4 2 . . Energy Discharges 2 | . . . . . 1 1 . . Parts Rejected 1 | . . . . . 1 . . . Parts Fused 1 | . . . . 1 . . . . Data Loss (major) 1 | . . . . . 1 . . . Misfires 1 | . . . . . 1 . . . Alerts 1 | . . . . . 1 . . . Weapon Failures 1 | . . . . . 1 . . . Overload Shots . | . . . . . . . . . Overflow Damage 15 | . . . . . 15 . . . Projectiles . | . . . . . . . . . Explosions 15 | . . . . . 15 . . . Melee . | . . . . . . . . . Knockbacks 8 | . . . . . . . 8 . Impact 1 | . . . . . . . 1 . Kinetic 7 | . . . . . . . 7 . Secondary . | . . . . . . . . . Self-Inflicted Damage 143 | . 65 . . . 75 . 3 . Shots 4 | . 2 . . . 2 . . . Rammed 3 | . . . . . . . 2 1 Targets Rammed 4 | . . . . . . . 3 1 Kicked 1 | . . . . . . . 1 . Crushed . | . . . . . . . . . Highest Temperature 250 | . 114 250 108 152 87 . 33 63 Average Temperature 46 | . 46 96 21 52 29 . 14 18 Received Heat Transfer 2007 | . 96 201 495 75 204 . 576 360 Siege Activations . | . . . . . . . . . Robots Corrupted . | . . . . . . . . . Combat Hostiles . | . . . . . . . . . Parts Fried 4 | . 4 . . . . . . . Impact Corruptions . | . . . . . . . . . Robots Melted . | . . . . . . . . . Combat Hostiles . | . . . . . . . . . Parts Melted 3 | . . 1 . . . . . 2 Heat Transferred 1936 | . 150 888 . . 148 . . 750 Parts Sabotaged . | . . . . . . . . . Parts Stolen . | . . . . . . . . . Parts Stripped . | . . . . . . . . . Power Chain Reactions 2 | . 2 . . . . . . . Alert | -11 -10 -9 -8 -7 -7 -7 -6 -6 ------- Run | Yrd Mat Mat Mat Fac Low Low Fac Ext Peak Influence 336 | . 205 336 223 226 . . 150 78 Initial 125 | . . 29 125 81 . . 44 16 Average 100 | . 82 179 113 102 . . 42 31 Maximum Alert Level 1 | . 1 1 1 1 . . . . Low Security (%) 86 | 100 96 51 88 89 . . 100 100 Level 1 13 | . 3 48 11 10 . . . . Level 2 . | . . . . . . . . . Level 3 . | . . . . . . . . . Level 4 . | . . . . . . . . . Level 5 . | . . . . . . . . . High Security . | . . . . . . . . . Max Security . | . . . . . . . . . Squads Dispatched 10 | . 1 2 3 2 . . 2 . Investigation 4 | . 1 1 1 1 . . . . Extermination 1 | . . . . 1 . . . . Reinforcement 3 | . . 1 2 . . . . . Assault . | . . . . . . . . . Garrison 2 | . . . . . . . 2 . Intercept . | . . . . . . . . . Searches Triggered . | . . . . . . . . . Construction Impeded . | . . . . . . . . . Haulers Reinforced . | . . . . . . . . . Active Scanning Responses . | . . . . . . . . . Cargo Convoy Interrupts . | . . . . . . . . . Stealth | -11 -10 -9 -8 -7 -7 -7 -6 -6 --------- Run | Yrd Mat Mat Mat Fac Low Low Fac Ext Distress Signals 3 | . . 1 2 . . . . . Communications Jammed . | . . . . . . . . . Distress Signals . | . . . . . . . . . Times Spotted 104 | . 17 25 28 11 9 . 10 4 Peak Tracking Total 7 | . 3 7 6 4 2 . 4 3 Tactical Retreats 4 | . . 1 . . 1 . 2 . Traps | -11 -10 -9 -8 -7 -7 -7 -6 -6 ------- Run | Yrd Mat Mat Mat Fac Low Low Fac Ext Traps Triggered 5 | . 1 . 1 . . . . 3 Indirectly . | . . . . . . . . . Trap Hack Attempts . | . . . . . . . . . Triggered . | . . . . . . . . . Disarmed . | . . . . . . . . . Reprogrammed . | . . . . . . . . . Reused . | . . . . . . . . . Traps Extracted . | . . . . . . . . . Installed . | . . . . . . . . . Triggered . | . . . . . . . . . Machines | -11 -10 -9 -8 -7 -7 -7 -6 -6 ---------- Run | Yrd Mat Mat Mat Fac Low Low Fac Ext Machines Disabled 1 | . 1 . . . . . . . Max in Single Turn 1 | . 1 . . . . . . . Machines Repaired . | . . . . . . . . . Machines Dismantled . | . . . . . . . . . Machines Sabotaged . | . . . . . . . . . Overloaded Fab Kills . | . . . . . . . . . Hacking | -11 -10 -9 -8 -7 -7 -7 -6 -6 --------- Run | Yrd Mat Mat Mat Fac Low Low Fac Ext Machines Accessed 14 | . 3 3 5 1 . . 1 1 Terminals 13 | . 3 3 5 . . . 1 1 Fabricators . | . . . . . . . . . Repair Stations . | . . . . . . . . . Recycling Units . | . . . . . . . . . Scanalyzers 1 | . . . . 1 . . . . Garrison Access . | . . . . . . . . . Total Hacks 31 | . 5 7 9 5 . . 2 3 Successful 16 | . 3 2 4 4 . . 1 2 Failed 15 | . 2 5 5 1 . . 1 1 Catastrophic 2 | . . 1 1 . . . . . Database Lockouts . | . . . . . . . . . Manual 3 | . 1 . 1 . 1 . . . Terminals 26 | . 5 7 9 . . . 2 3 Fabricators . | . . . . . . . . . Repair Stations . | . . . . . . . . . Recycling Units . | . . . . . . . . . Scanalyzers 5 | . . . . 5 . . . . Garrison Access . | . . . . . . . . . Terminal Hacks 12 | . 3 2 4 . . . 1 2 Robot Analysis 1 | . . 1 . . . . . . Open DSF 1 | . . . . . . . 1 . Branch Access Points 1 | . . . . . . . . 1 Alert Level 4 | . 1 1 1 . . . . 1 Unreport Threat 1 | . . . 1 . . . . . Locate Traps 1 | . 1 . . . . . . . Zone Layout 3 | . 1 . 2 . . . . . Fabricator Hacks . | . . . . . . . . . Repair Station Hacks . | . . . . . . . . . Recycling Unit Hacks . | . . . . . . . . . Scanalyzer 4 | . . . . 4 . . . . Insert Component 2 | . . . . 2 . . . . Analyze 2 | . . . . 2 . . . . Garrison Access Hacks . | . . . . . . . . . Unauthorized Hacks . | . . . . . . . . . Terminals . | . . . . . . . . . Fabricators . | . . . . . . . . . Repair Stations . | . . . . . . . . . Recycling Units . | . . . . . . . . . Scanalyzers . | . . . . . . . . . Garrison Access . | . . . . . . . . . Data Cores Recovered . | . . . . . . . . . Used . | . . . . . . . . . Hacking Detections 11 | . 1 3 4 1 . . 1 1 Full Trace Events 6 | . 1 2 2 1 . . . . Feedback Events . | . . . . . . . . . Feedback Blocked . | . . . . . . . . . Robot Schematics Acquired . | . . . . . . . . . Robots Built . | . . . . . . . . . Authchips . | . . . . . . . . . Time . | . . . . . . . . . Total Robot Build Rating . | . . . . . . . . . Part Schematics Acquired 1 | . . . . 1 . . . . Parts Built . | . . . . . . . . . Authchips . | . . . . . . . . . Time . | . . . . . . . . . Total Part Build Rating . | . . . . . . . . . Parts Repaired . | . . . . . . . . . Time . | . . . . . . . . . Parts Recycled . | . . . . . . . . . Recycled Matter . | . . . . . . . . . Retrieved Matter . | . . . . . . . . . Retrieved Components . | . . . . . . . . . Parts Scanalyzed 2 | . . . . 2 . . . . Part Schematics Acquired 1 | . . . . 1 . . . . Parts Damaged . | . . . . . . . . . Bothacking | -11 -10 -9 -8 -7 -7 -7 -6 -6 ------------ Run | Yrd Mat Mat Mat Fac Low Low Fac Ext Used RIF Installer . | . . . . . . . . . Robots Hacked . | . . . . . . . . . Non-combat . | . . . . . . . . . Combat . | . . . . . . . . . Robot Hacks Applied . | . . . . . . . . . Relay Couplers Released . | . . . . . . . . . Fabnet Peak Effective % . | . . . . . . . . . Robots Rewired . | . . . . . . . . . Allies Hacked . | . . . . . . . . . Hacks Repelled . | . . . . . . . . . Allies | -11 -10 -9 -8 -7 -7 -7 -6 -6 -------- Run | Yrd Mat Mat Mat Fac Low Low Fac Ext Total Allies . | . . . . . . . . . Largest Group . | . . . . . . . . . Highest-Rated Group . | . . . . . . . . . Highest-Rated Ally . | . . . . . . . . . Total Orders . | . . . . . . . . . Ally Attacks . | . . . . . . . . . Total Damage . | . . . . . . . . . Kills . | . . . . . . . . . Allies Corrupted . | . . . . . . . . . Allies Melted . | . . . . . . . . . Intel | -11 -10 -9 -8 -7 -7 -7 -6 -6 ------- Run | Yrd Mat Mat Mat Fac Low Low Fac Ext Robot Analysis Total 1 | . . 1 . . . . . . Derelict Logs Recovered 1 | . . . . . 1 . . . Drone Launches . | . . . . . . . . . Drone Recoveries . | . . . . . . . . . Exploration | -11 -10 -9 -8 -7 -7 -7 -6 -6 ------------- Run | Yrd Mat Mat Mat Fac Low Low Fac Ext Turns Passed 5537 | 63 882 649 1270 705 1128 101 484 255 Spaces Moved 2816 | 32 319 269 521 269 807 75 357 167 Core 803 | 15 . . . 3 441 . 206 138 Treads 898 | 17 319 . . 235 327 . . . Legs 835 | . . 123 521 31 . . 131 29 Wheels 280 | . . 146 . . 39 75 20 . Hover . | . . . . . . . . . Flight . | . . . . . . . . . Fastest Speed 50 | 50 160 120 120 120 50 80 50 50 Average Speed 140 | 164 223 168 165 161 112 97 93 69 Slowest Speed 700 | 250 240 400 190 650 700 100 250 150 Overloaded Moves . | . . . . . . . . . Propulsion Burnouts . | . . . . . . . . . Robots Hopped . | . . . . . . . . . Cave-ins Triggered . | . . . . . . . . . Exploration Rate (%) 30 | 4 55 32 55 10 77 6 11 24 Regions Visited 8 Branch Regions 3 Pre-discovered Areas 1 | . . . . . 1 . . . Known Exits Taken 4 | . . 1 1 1 . 1 . . Unknown Exits Taken 4 | 1 1 . . . 1 . 1 . Scrap Searched 3 | . . . . . 2 1 . . Spaces Dug . | . . . . . . . . . Terrain Destroyed 64 | . 8 . 23 . 33 . . . Melee . | . . . . . . . . . Projectile 2 | . . . . . 2 . . . AOE 62 | . 8 . 23 . 31 . . . Terrain Rammed . | . . . . . . . . . Walls Destroyed . | . . . . . . . . . Machines Disabled . | . . . . . . . . . Actions | -11 -10 -9 -8 -7 -7 -7 -6 -6 --------- Run | Yrd Mat Mat Mat Fac Low Low Fac Ext Total 4009 | 39 449 393 805 490 967 102 475 289 Wait 733 | . 99 50 151 169 111 23 78 52 Move 2808 | 31 318 268 520 268 806 74 356 167 Hop . | . . . . . . . . . Pick Up 38 | 2 5 8 12 5 1 . 5 . Fast Attach 33 | 6 1 5 7 4 2 2 2 4 Attach 37 | . . 4 8 4 12 3 2 4 Detach 6 | . . 1 1 . . . . 4 Swap 21 | . 1 6 10 4 . . . . Drop 24 | . . 2 13 8 . . 1 . Fire 260 | . 25 49 83 28 35 . 28 12 Melee . | . . . . . . . . . Ram 3 | . . . . . . . 2 1 Kick 1 | . . . . . . . 1 . Crush . | . . . . . . . . . Escape Stasis 45 | . . . . . . . . 45 Rewire . | . . . . . . . . . Trap . | . . . . . . . . . Miscellaneous . | . . . . . . . . . Route ------- -11/Scrapyard -10/Materials (discovered 2 exits: *Mat x2) -9/Materials -8/Materials (discovered 3 exits: *Fac x2 / *Sto) -7/Factory -7/Lower Caves -7/Lower Caves -6/Factory -6/Extension (discovered 1 exit: Cet) History --------- Turn | Location | Event 8 | -11/Scrapyard | Discovered new exit (range 16) 64 | -11/Scrapyard | Entered Materials 318 | -10/Materials | Build established: Mutant 519 | -10/Materials | Discovered new exit (range 11) 932 | -10/Materials | Discovered new exit (range 7) 946 | -10/Materials | Entered another Materials area 946 | -9/Materials | Evolved 2 slots: Propulsion x1, Utility x1 1233 | -9/Materials | Lost 3 parts (1p1n1w) 1522 | -9/Materials | Build established: Scavenger-Mutant 1585 | -9/Materials | Discovered new exit (range 10) 1594 | -9/Materials | Identified exit to Materials 1595 | -9/Materials | Entered another Materials area 1595 | -8/Materials | Evolved 2 slots: Utility x1, Weapon x1 1895 | -8/Materials | Build established: Scavenger-Skirmisher 2313 | -8/Materials | Discovered new exit (range 10) 2328 | -8/Materials | Identified exit to Factory 2554 | -8/Materials | Discovered new exit (range 9) 2622 | -8/Materials | Core integrity fell below 50% 2657 | -8/Materials | Lost 9 parts (1p2n2u4w) 2708 | -8/Materials | Identified exit to Storage 2854 | -8/Materials | Discovered exit to Factory (range 10) 2865 | -8/Materials | Entered Factory 2865 | -7/Factory | Evolved 2 slots: Power x1, Utility x1 3542 | -7/Factory | Discovered new exit (range 14) 3568 | -7/Factory | Identified exit to Lower Caves 3570 | -7/Factory | Entered Lower Caves 3682 | -7/Lower Caves | Acquired the password to a Derelict Tinkerer's latest research 3692 | -7/Lower Caves | Build established: Skirmisher 4048 | -7/Lower Caves | Caught by Unaware searching for contraband prototypes 4196 | -7/Lower Caves | Lost 9 parts (2p2n2u3w) 4221 | -7/Lower Caves | Attracted the attention of an 0b10 checkpoint 4234 | -7/Lower Caves | Lost 4 parts (1p1n2w) 4264 | -7/Lower Caves | Core integrity fell below 50% 4302 | -7/Lower Caves | Released all parts (3) 4310 | -7/Lower Caves | Core integrity fell below 20% 4332 | -7/Lower Caves | Lost 5 parts (3p2n) 4417 | -7/Lower Caves | Build established: Mutant 4428 | -7/Lower Caves | Found Prototype Special Weapon 4428 | -7/Lower Caves | Identified Molecular Deconstructor 4669 | -7/Lower Caves | Spotted B-75 Beast 4686 | -7/Lower Caves | Discovered new exit (range 12) 4698 | -7/Lower Caves | Entered another Lower Caves area 4793 | -7/Lower Caves | Discovered new exit (range 6) 4799 | -7/Lower Caves | Identified exit to Factory 4799 | -7/Lower Caves | Entered Factory 4799 | -6/Factory | Evolved 2 slots: Power x1, Utility x1 4883 | -6/Factory | Lost 5 parts (3n1u1w) 5084 | -6/Factory | Core integrity fell below 50% 5140 | -6/Factory | Garrison activated, responded to threat 5277 | -6/Factory | Discovered new exit (range 13) 5283 | -6/Factory | Entered Extension 5430 | -6/Extension | Core integrity fell below 20% 5475 | -6/Extension | Lost 3 parts (1n1u1w) 5517 | -6/Extension | Identified exit to Cetus 5538 | -6/Extension | Destroyed by Y-54 Guardian with Gatling Laser Last Messages --------------- 05489_ Field strength at 64. 05490_ Field strength at 58. 05491_ Field strength at 52. 05492_ Field strength at 46. 05493_ Field strength at 40. 05494_ Field strength at 34. 05495_ Field strength at 28. 05496_ Field strength at 22. 05497_ Field strength at 16. 05498_ Field strength at 10. 05501_ Field strength at 4. 05502_ Stasis field depleted. 05517_ Connecting with Terminal... 05517_ Current location identified: Extension >>Alert(Check) Current Alert Level: Low Security >>Access(Branch) Found 1 branch access point: (197,38) Cetus Map updated. Map ----- +----------------------------------------------------+ | | | | | | | | | | | | | | | | | | | | | | | | | | | | | ?????????????????????????????????????????????????? | | ?????????????????????????????????????????????????? | | ?????????????????????????????????????????????????? | | ?????????????????????????????????????????????????? | | ######???????????????????????????????????????????? | | #???????????????????????????????????????????? | | #???#######?????????????????????????????????? | | #???# #??????#?#######??????????????????? | | ##### #??????#T# #??????????????????? | | T #??????" # ########???????????? | | ########## #??????" Y ?????????? | | ?????????# #??????# #@ ###????????????????? | | ?????????### ###??????### #??????????????????? | | ???????????# #??????????### ###??????????????????? | | ?########### ############## #????????????????????? | | ?# + #????????????????????? | | ?# ##################????????????????????? | | ?# #?????????????????????????????????????? | | ?# #?????????????????????????????????????? | | ?###########?????????????????????????????????????? | | ?????????????????????????????????????????????????? | | ?????????????????????????????????????????????????? | | ?????????????????????????????????????????????????? | | ?????????????????????????????????????????????????? | | ?????????????????????????????????????????????????? | | ?????????????????????????????????????????????????? | | ?????????????????????????????????????????????????? | | ?????????????????????????????????????????????????? | | ?????????????????????????????????????????????????? | | ?????????????????????????????????????????????????? | | ?????????????????????????????????????????????????? | | ?????????????????????????????????????????????????? | | ?????????????????????????????????????????????????? | | ?????????????????????????????????????????????????? | | ?????????????????????????????????????????????????? | | ?????????????????????????????????????????????????? | +----------------------------------------------------+ Best States ------------- Heat Dissipation 56 Energy Generation 27 Energy Capacity 480 Matter Stores 400 Matter Capacity 400 Sight Range 16 Robot Scan Range 15 Terrain Scan Density 10 Armor Coverage 150 Propulsion Shielding 66 Evasion (%) 55 Recoil Reduction 3 Kinecelleration 30 Item Schematics ----------------- Missile Launcher | -7/Factory | Scanalyzed Robot Schematics ------------------ None Fabricated ------------ Nothing Alien Tech Used ----------------- None Achievements -------------- I Spy Challenges ------------ None Game ------ Seed CorruptionFluxGuard Manual? 0 Play Time 01:03:36 Cumulative 4.4 hours Start 2024.04.02 @ 17:17:38 End 2024.04.02 @ 18:21:43 Sessions 1 Manual Loads 0 Difficulty Rogue Special Mode None Game No. 7 Rogue 7 Adventurer 0 Explorer 0 Win Type - Total 0 Types 0/0/0/0/0/0/0/0/0 Lore% 6 Gallery% 9 Achievement% 10 Wizard Run 0 Options --------- Layout 2 ASCII 0 Keyboard 0 Movement Mouse Keybinds 0 Fullscreen 1 Font 16/SmallcapsGlow Map View 55x47 Zoom Use 0% Tactical HUD 1 Map Filters NONE Filters NONE Steam 1 RUN: 20ee36a2-f2c2-4a72-b410-64b12464d7cc